cohdb
Replays
Latest Replays
All Replays
Popular Replays
Top Player Replays
Match Explorer
How It Works
Community
CoH3 Stats
Reddit
Sign in to upload your games and track your stats! →
Sign in with Steam
Match 40199402
Unlisted
Match 40199402
Overview
Messages
Build Orders
End
Construct Infanterie Kompanie
Pioneer Squad
Selects Breakthrough Battlegroup
Grenadier Squad
Grenadier Squad
MG 42 Machine Gun Team
Construct Luftwaffe Kompanie
221 Scout Car
Jäger Squad
Medical Bunker
Flak 30 Anti-aircraft Gun Team
Jäger Squad
Support Elements
Wirbelwind Flakpanzer
[COHBR/RJ]Roney
^3
0
0
Comments
sign in to comment!
No comments posted yet!